[Event "EYTCC U18 Girls 2019"]
[Site "Pardubice"]
[Date "2019.07.11"]
[Round "1.25"]
[White "Urh, Zala"]
[Black "Salimova, Nurgyul"]
[Result "1/2-1/2"]
[ECO "E36"]
[WhiteElo "2072"]
[BlackElo "2416"]
[Annotator "NA"]
[PlyCount "82"]
[EventDate "2019.07.11"]
[EventType "swiss"]
[EventCountry "CZE"]
[SourceTitle "playchess.com"]
[Source "ChessBase"]
[SourceQuality "1"]
[WhiteTeam "Slovenia"]
[BlackTeam "Bulgaria"]
[WhiteTeamCountry "SLO"]
[BlackTeamCountry "BUL"]
[TimeControl "40/5400+30:1800+30"]

1. d4 Nf6 2. c4 e6 3. Nc3 Bb4 4. Qc2 d5 5. a3 Bxc3+ 6. Qxc3 dxc4 7. Qxc4 b6 8. Nf3 Ba6 9. Qc2 O-O 10. h4 Nbd7 11. h5 h6 12. g4 Nxg4 13. Rg1 f5 14. Qc6 Qe8 15. Bh3 Ndf6 16. Qxe8 Raxe8 17. Ne5 Nxh5 18. Nxg4 fxg4 19. Bxg4 Nf4 20. Be3 Kh8 21. Rc1 Nd5 22. Rg3 e5 23. dxe5 Rxe5 24. Bd4 Re7 25. Rc6 Kh7 26. Re6 g5 27. Rxe7+ Nxe7 28. Re3 Ng6 29. Bh5 Bc8 30. b4 Bf5 31. f3 Rd8 32. Bb2 c5 33. bxc5 bxc5 34. Rb3 Nf4 35. Bf7 Rd7 36. Bc4 Be6 37. Bxe6 Nxe6 38. Rb8 Nf4 39. Be5 Ng6 40. Bg3 h5 41. Rc8 Ne7 1/2-1/2

[Event "EYTCC U18 Girls 2019"]
[Site "Pardubice"]
[Date "2019.07.11"]
[Round "1.26"]
[White "Antova, Gabriela"]
[Black "Hercog, Nusa"]
[Result "1-0"]
[ECO "D31"]
[WhiteElo "2257"]
[BlackElo "2053"]
[Annotator "NA"]
[PlyCount "79"]
[EventDate "2019.07.11"]
[EventType "swiss"]
[EventCountry "CZE"]
[SourceTitle "playchess.com"]
[Source "ChessBase"]
[SourceQuality "1"]
[WhiteTeam "Bulgaria"]
[BlackTeam "Slovenia"]
[WhiteTeamCountry "BUL"]
[BlackTeamCountry "SLO"]
[TimeControl "40/5400+30:1800+30"]

1. d4 d5 2. c4 c6 3. Nf3 e6 4. Nc3 dxc4 5. a4 Bb4 6. e3 b5 7. Bd2 a5 8. axb5 Bxc3 9. Bxc3 cxb5 10. b3 Bb7 11. bxc4 b4 12. Bb2 Nf6 13. Bd3 O-O 14. O-O Nbd7 15. Nd2 Qc7 16. f3 h6 17. Bc2 e5 18. Rf2 Rfe8 19. Qf1 exd4 20. exd4 Nf8 21. Qd3 N6d7 22. d5 Qf4 23. Ne4 f5 24. Qd4 Qe5 25. Qxe5 Rxe5 26. Nd6 Bc8 27. Bxe5 Nxe5 28. c5 g6 29. c6 Nf7 30. Nxc8 Rxc8 31. Rxa5 Nd6 32. Ra7 Re8 33. Ra4 Nh7 34. Rxb4 Nf6 35. Kf1 Kg7 36. Bb3 Re5 37. Re2 Nxd5 38. Rxe5 Nxb4 39. c7 g5 40. Re6 1-0

[Event "EYTCC U18 Girls 2019"]
[Site "Pardubice"]
[Date "2019.07.11"]
[Round "1.27"]
[White "Radeva, Viktoria"]
[Black "Koubova, Anna Marie"]
[Result "1-0"]
[ECO "B40"]
[WhiteElo "2247"]
[BlackElo "2094"]
[Annotator "NA"]
[PlyCount "75"]
[EventDate "2019.07.11"]
[EventType "swiss"]
[EventCountry "CZE"]
[SourceTitle "playchess.com"]
[Source "ChessBase"]
[SourceQuality "1"]
[WhiteTeam "Bulgaria"]
[BlackTeam "Czech Republic"]
[WhiteTeamCountry "BUL"]
[BlackTeamCountry "CZE"]
[TimeControl "40/5400+30:1800+30"]

1. e4 c5 2. Nf3 e6 3. d4 cxd4 4. Nxd4 Nf6 5. Nc3 Nc6 6. Ndb5 Bb4 7. a3 Bxc3+ 8. Nxc3 d5 9. exd5 exd5 10. Bd3 O-O 11. O-O d4 12. Ne2 Bg4 13. Bg5 Qd6 14. Re1 Rfe8 15. Qd2 Bxe2 16. Rxe2 Rxe2 17. Qxe2 Re8 18. Qd2 Ne5 19. Qf4 Nh5 20. Qe4 Qg6 21. Qxg6 hxg6 22. Kf1 Rc8 23. Ke2 Rc5 24. Bd2 b5 25. b3 Nc6 26. b4 Re5+ 27. Kf1 Nf6 28. a4 bxa4 29. Rxa4 Re7 30. b5 Ne5 31. Rxd4 Nxd3 32. Rxd3 Rb7 33. c4 Nd7 34. Be3 Rc7 35. Rd5 Nb6 36. Rd8+ Kh7 37. c5 Nc4 38. c6 1-0

[Event "EYTCC U18 Girls 2019"]
[Site "Pardubice"]
[Date "2019.07.11"]
[Round "1.28"]
[White "Laurincova, Kristyna"]
[Black "Krasteva, Beloslava"]
[Result "0-1"]
[ECO "B87"]
[WhiteElo "2010"]
[BlackElo "2327"]
[Annotator "NA"]
[PlyCount "108"]
[EventDate "2019.07.11"]
[EventType "swiss"]
[EventCountry "CZE"]
[SourceTitle "playchess.com"]
[Source "ChessBase"]
[SourceQuality "1"]
[WhiteTeam "Czech Republic"]
[BlackTeam "Bulgaria"]
[WhiteTeamCountry "CZE"]
[BlackTeamCountry "BUL"]
[TimeControl "40/5400+30:1800+30"]

1. e4 c5 2. Nf3 d6 3. d4 cxd4 4. Nxd4 Nf6 5. Nc3 a6 6. Bc4 e6 7. Bb3 b5 8. O-O Be7 9. Qf3 Qc7 10. Qg3 O-O 11. Bh6 Ne8 12. Rad1 Bd7 13. f4 Nc6 14. Nxc6 Bxc6 15. f5 Kh8 16. f6 gxh6 17. fxe7 Qxe7 18. Qf2 Ng7 19. Qd4 Rad8 20. Rf6 b4 21. Ne2 Bxe4 22. Rdf1 d5 23. Qe5 Kg8 24. Nd4 Qd6 25. Qxd6 Rxd6 26. Rxh6 Bg6 27. Rh4 a5 28. Nf3 Nf5 29. Rf4 Ne3 30. Rf2 Nd1 31. Rf1 Nxb2 32. Ne5 a4 33. Nxg6 hxg6 34. Rb1 axb3 35. axb3 d4 36. Rxb2 e5 37. Re4 Re8 38. Ra2 f5 39. Rh4 Kg7 40. Ra7+ Kf6 41. Rc7 e4 42. Kf1 d3 43. cxd3 Rxd3 44. Rh3 Rxh3 45. gxh3 Ke5 46. Rb7 Kf4 47. Rxb4 Kf3 48. Rc4 Ra8 49. Ra4 Rxa4 50. bxa4 e3 51. a5 e2+ 52. Ke1 Ke3 53. a6 f4 54. a7 f3 0-1

[Event "EYTCC U18 Girls 2019"]
[Site "Pardubice"]
[Date "2019.07.11"]
[Round "1.30"]
[White "Schneider, Jana"]
[Black "Nemcova, Karin"]
[Result "1/2-1/2"]
[ECO "B48"]
[WhiteElo "2216"]
[BlackElo "1956"]
[Annotator "NA"]
[PlyCount "97"]
[EventDate "2019.07.11"]
[EventType "swiss"]
[EventCountry "CZE"]
[SourceTitle "playchess.com"]
[Source "ChessBase"]
[SourceQuality "1"]
[WhiteTeam "Germany"]
[BlackTeam "Czech Republic"]
[WhiteTeamCountry "GER"]
[BlackTeamCountry "CZE"]
[TimeControl "40/5400+30:1800+30"]

1. e4 c5 2. Nf3 e6 3. d4 cxd4 4. Nxd4 Nc6 5. Nc3 Qc7 6. Be3 a6 7. Qf3 Nf6 8. O-O-O Be7 9. Be2 d6 10. Nxc6 Qxc6 11. g4 O-O 12. g5 Nd7 13. h4 b5 14. Bd3 Bb7 15. Qh3 Ne5 16. Kb1 Rac8 17. Rd2 b4 18. Ne2 Nc4 19. Bxc4 Qxc4 20. f3 e5 21. Ng3 d5 22. h5 d4 23. g6 h6 24. Bxh6 gxh6 25. f4 exf4 26. Nf5 Bg5 27. Nd6 Qc7 28. gxf7+ Rxf7 29. Nxf7 Qxf7 30. Rxd4 Kh8 31. Rxb4 f3 32. Rf1 Qc7 33. c3 a5 34. Rxb7 Qxb7 35. Qxf3 Rb8 36. Rf2 Re8 37. Re2 Qd7 38. Re1 Rd8 39. e5 Qd2 40. Qe2 Kg7 41. Qxd2 Rxd2 42. e6 Be7 43. Re5 Kf6 44. Rxa5 Kxe6 45. c4 Bg5 46. Rb5 Rh2 47. a4 Kd6 48. a5 Be3 49. b4 {[%emt 0:00:00] Kd5} 1/2-1/2

[Event "EYTCC U18 Girls 2019"]
[Site "Pardubice"]
[Date "2019.07.11"]
[Round "1.32"]
[White "Sankova, Stella"]
[Black "Ciolacu, Alessia-Mihaela"]
[Result "1/2-1/2"]
[ECO "C55"]
[WhiteElo "1997"]
[BlackElo "2199"]
[Annotator "NA"]
[PlyCount "61"]
[EventDate "2019.07.11"]
[EventType "swiss"]
[EventCountry "CZE"]
[SourceTitle "playchess.com"]
[Source "ChessBase"]
[SourceQuality "1"]
[WhiteTeam "Slovakia"]
[BlackTeam "Romania"]
[WhiteTeamCountry "SVK"]
[BlackTeamCountry "ROU"]
[TimeControl "40/5400+30:1800+30"]

1. e4 e5 2. Nf3 Nc6 3. Bc4 Nf6 4. d3 Be7 5. c3 d6 6. Bb3 O-O 7. O-O Na5 8. Bc2 c5 9. a3 Nc6 10. Re1 Qc7 11. b4 a6 12. Nbd2 Be6 13. Bb2 Rac8 14. Rc1 Qb6 15. d4 cxd4 16. cxd4 exd4 17. Nb3 Ng4 18. Nbxd4 Nce5 19. h3 Nc4 20. Ba1 Nge5 21. Bb3 Bd7 22. Nxe5 Nxe5 23. Qd2 Bf6 24. Kh1 Ng6 25. Red1 Be5 26. Rxc8 Rxc8 27. Qa2 Rf8 28. Nf3 Qc7 29. Bxe5 dxe5 30. Qd2 Bc6 31. Qe3 1/2-1/2

[Event "EYTCC U18 Girls 2019"]
[Site "Pardubice"]
[Date "2019.07.11"]
[Round "1.34"]
[White "Sowa, Wiktoria"]
[Black "Gresova, Zuzana"]
[Result "0-1"]
[ECO "B53"]
[WhiteElo "2108"]
[BlackElo "1919"]
[Annotator "NA"]
[PlyCount "88"]
[EventDate "2019.07.11"]
[EventType "swiss"]
[EventCountry "CZE"]
[SourceTitle "playchess.com"]
[Source "ChessBase"]
[SourceQuality "1"]
[WhiteTeam "Poland"]
[BlackTeam "Czech Republic"]
[WhiteTeamCountry "POL"]
[BlackTeamCountry "CZE"]
[TimeControl "40/5400+30:1800+30"]

1. e4 c5 2. Nf3 d6 3. d4 cxd4 4. Qxd4 Nc6 5. Bb5 Bd7 6. Bxc6 Bxc6 7. Nc3 e6 8. Bg5 Nf6 9. Qd3 Be7 10. Nd4 Qa5 11. Bd2 Qc7 12. O-O-O a6 13. f4 b5 14. a3 O-O 15. f5 Bd7 16. Bg5 Rfd8 17. g4 b4 18. axb4 Rab8 19. h4 Rxb4 20. Qxa6 Rdb8 21. Nb3 Bc6 22. Rhe1 h6 23. Bxf6 Bxf6 24. g5 hxg5 25. hxg5 Bxg5+ 26. Kb1 Bf6 27. Qd3 Qb7 28. fxe6 Bxc3 29. exf7+ Qxf7 30. Qxc3 Bxe4 31. Rxe4 Rxe4 32. Qd3 Qe6 33. Nd4 Qd5 34. c4 Qb7 35. Nb5 d5 36. Qa3 Qb6 37. Nc3 Rxc4 38. Nxd5 Qg6+ 39. Ka1 Qh6 40. Ka2 Kh8 41. Qf3 Rh4 42. Ne7 Qa6+ 43. Kb1 Rh2 44. Rh1 Rbxb2+ 0-1

[Event "EYTCC U18 Girls 2019"]
[Site "Pardubice"]
[Date "2019.07.11"]
[Round "1.35"]
[White "Kucharska, Honorata"]
[Black "Jaufarally, Nadia"]
[Result "1-0"]
[ECO "B36"]
[WhiteElo "2054"]
[BlackElo "1944"]
[Annotator "NA"]
[PlyCount "115"]
[EventDate "2019.07.11"]
[EventType "swiss"]
[EventCountry "CZE"]
[SourceTitle "playchess.com"]
[Source "ChessBase"]
[SourceQuality "1"]
[WhiteTeam "Poland"]
[BlackTeam "England"]
[WhiteTeamCountry "POL"]
[BlackTeamCountry "ENG"]
[TimeControl "40/5400+30:1800+30"]

1. e4 c5 2. Nf3 g6 3. d4 cxd4 4. Nxd4 Nc6 5. c4 Nf6 6. Nc3 d6 7. Be2 Nxd4 8. Qxd4 Bg7 9. Be3 O-O 10. Qd2 Be6 11. Rc1 Qa5 12. f3 Rfc8 13. b3 a6 14. Na4 Qxd2+ 15. Kxd2 Nd7 16. g4 Rc6 17. h4 h6 18. Rhg1 Rd8 19. Nc3 Nc5 20. Nd5 Bxd5 21. exd5 Rcc8 22. f4 Ne4+ 23. Kd3 Nc5+ 24. Kc2 Ne4 25. h5 Nc3 26. Kd3 Nxa2 27. Rcf1 b5 28. Kd2 bxc4 29. Bxc4 Nb4 30. g5 hxg5 31. Rxg5 Bf6 32. Rg4 Kh7 33. hxg6+ fxg6 34. f5 g5 35. Bxg5 Kg7 36. Bxf6+ Kxf6 37. Rg6+ Kf7 38. Re6 Rh8 39. f6 Rh2+ 40. Kd1 exf6 41. Rexf6+ Kg7 42. Rxd6 a5 43. Rg1+ Kh8 44. Rg4 Rf8 45. Be2 Rc8 46. Rc4 Rg8 47. Kd2 Rg5 48. Rc8+ Kg7 49. Rc7+ Kh8 50. Rd8+ Rg8 51. Rxg8+ Kxg8 52. d6 Rh6 53. Bc4+ Kf8 54. Rc8+ Kg7 55. Rg8+ Kh7 56. Rd8 Rf6 57. Ke3 Kg6 58. d7 1-0

[Event "EYTCC U18 Girls 2019"]
[Site "Pardubice"]
[Date "2019.07.11"]
[Round "1.36"]
[White "Rahulan, Thivyaa"]
[Black "Malicka, Maria"]
[Result "1/2-1/2"]
[ECO "C54"]
[WhiteElo "1878"]
[BlackElo "2115"]
[Annotator "NA"]
[PlyCount "135"]
[EventDate "2019.07.11"]
[EventType "swiss"]
[EventCountry "CZE"]
[SourceTitle "playchess.com"]
[Source "ChessBase"]
[SourceQuality "1"]
[WhiteTeam "England"]
[BlackTeam "Poland"]
[WhiteTeamCountry "ENG"]
[BlackTeamCountry "POL"]
[TimeControl "40/5400+30:1800+30"]

1. e4 e5 2. Nf3 Nc6 3. Bc4 Bc5 4. c3 Nf6 5. d3 a6 6. Bb3 Ba7 7. O-O d6 8. h3 h6 9. Nbd2 O-O 10. Re1 Nh5 11. Nf1 Qf6 12. Be3 Bxe3 13. Nxe3 Nf4 14. Kh2 Be6 15. Bc2 Rad8 16. d4 d5 17. Nxd5 Nxd5 18. exd5 Bxd5 19. Nxe5 Qxf2 20. Re2 Qf4+ 21. g3 Qf6 22. Qd3 g6 23. Ng4 Qg7 24. Rf1 Be6 25. Nf6+ Kh8 26. g4 Ne7 27. Bb3 Rd6 28. Ne4 Rdd8 29. Bxe6 fxe6 30. Rxf8+ Qxf8 31. Nc5 Nd5 32. Nxe6 Qd6+ 33. Qg3 Re8 34. Qxd6 cxd6 35. Nf4 Rxe2+ 36. Nxe2 Kg7 37. Kg3 Kf6 38. Nf4 Ne3 39. Kf3 Nc4 40. b3 Nb6 41. h4 g5 42. hxg5+ hxg5 43. Nd3 Nd7 44. Ke4 Ke6 45. c4 Nf6+ 46. Kf3 Nd7 47. d5+ Kf6 48. Ke4 a5 49. a3 b6 50. b4 axb4 51. axb4 Kg6 52. Kd4 Kf7 53. Nf2 Ke7 54. Ne4 Ne5 55. Nxd6 Nxg4 56. Ne4 Nh6 57. Nxg5 Nf5+ 58. Ke5 Ne3 59. Kd4 Nf5+ 60. Kd3 Kd6 61. Ne4+ Ke5 62. d6 Nxd6 63. Nxd6 Kxd6 64. Kd4 Ke6 65. c5 Kd7 66. Kd5 bxc5 67. Kxc5 Kc7 68. b5 1/2-1/2

[Event "EYTCC U18 Girls 2019"]
[Site "Pardubice"]
[Date "2019.07.11"]
[Round "1.37"]
[White "Sahin, Hayrun Nisa"]
[Black "Cvitan, Ena"]
[Result "1-0"]
[ECO "B13"]
[WhiteElo "1772"]
[BlackElo "2202"]
[Annotator "NA"]
[PlyCount "105"]
[EventDate "2019.07.11"]
[EventType "swiss"]
[EventCountry "CZE"]
[SourceTitle "playchess.com"]
[Source "ChessBase"]
[SourceQuality "1"]
[WhiteTeam "Turkey"]
[BlackTeam "Croatia"]
[WhiteTeamCountry "TUR"]
[BlackTeamCountry "CRO"]
[TimeControl "40/5400+30:1800+30"]

1. e4 c6 2. d4 d5 3. exd5 cxd5 4. c4 Nf6 5. Nc3 Nc6 6. Bg5 Be6 7. Nf3 g6 8. Bxf6 exf6 9. cxd5 Bxd5 10. Bb5 Be7 11. Nxd5 Qxd5 12. Qa4 O-O 13. Bxc6 Qe6+ 14. Kd2 bxc6 15. Rhe1 Qd7 16. Ke2 Rab8 17. b3 g5 18. Kf1 g4 19. Nh4 Rb4 20. Qa6 Rb5 21. Rac1 f5 22. g3 Bxh4 23. gxh4 Qxd4 24. Qxc6 Rd5 25. Red1 Qxd1+ 26. Rxd1 Rxd1+ 27. Kg2 Rfd8 28. Qf6 R8d6 29. Qg5+ Kf8 30. Qxf5 h6 31. Qc5 a6 32. b4 R1d5 33. Qc8+ Kg7 34. a4 Rf6 35. Qc2 Rff5 36. Qe2 Rf6 37. Qb2 Kg6 38. h3 gxh3+ 39. Kxh3 Rf3+ 40. Kg2 Rff5 41. Qe2 a5 42. Qg4+ Kf6 43. b5 Ke7 44. Qe2+ Kd7 45. Qc2 Rc5 46. Qd2+ Rfd5 47. Qxa5 Rc4 48. Qa7+ Ke6 49. b6 Rg4+ 50. Kf3 Rdd4 51. b7 Rxa4 52. Qe3+ Kf5 53. b8=Q 1-0

[Event "EYTCC U18 Girls 2019"]
[Site "Pardubice"]
[Date "2019.07.11"]
[Round "1.38"]
[White "Bogdanic, Katarina"]
[Black "Aydin, Gulenay"]
[Result "0-1"]
[ECO "A15"]
[WhiteElo "1955"]
[BlackElo "1934"]
[Annotator "NA"]
[PlyCount "100"]
[EventDate "2019.07.11"]
[EventType "swiss"]
[EventCountry "CZE"]
[SourceTitle "playchess.com"]
[Source "ChessBase"]
[SourceQuality "1"]
[WhiteTeam "Croatia"]
[BlackTeam "Turkey"]
[WhiteTeamCountry "CRO"]
[BlackTeamCountry "TUR"]
[TimeControl "40/5400+30:1800+30"]

1. c4 Nf6 2. Nf3 g6 3. g3 Bg7 4. Bg2 O-O 5. O-O d6 6. d3 c6 7. Nc3 Re8 8. Rb1 a5 9. a3 e5 10. b4 axb4 11. axb4 d5 12. Nd2 Na6 13. b5 Nc5 14. bxc6 bxc6 15. Qc2 Be6 16. Bb2 Rc8 17. Na4 Nfd7 18. Nxc5 Nxc5 19. Rfc1 Qd7 20. Ba3 Bf8 21. Bxc5 Bxc5 22. Qd1 Bh3 23. Qf1 Bf5 24. Rb3 e4 25. cxd5 cxd5 26. dxe4 dxe4 27. Nc4 Qa4 28. Rbc3 Bd4 29. Nd6 Rxc3 30. Nxe8 Rxc1 31. Qxc1 Qxe8 32. Qc4 Bf6 33. h3 h5 34. Qd5 Kg7 35. Kh2 Qe5 36. Qxe5 Bxe5 37. f4 exf3 38. exf3 g5 39. f4 gxf4 40. gxf4 Bxf4+ 41. Kg1 Bg3 42. Bf1 Be4 43. Bg2 Bxg2 44. Kxg2 Be1 45. Kf3 Kg6 46. Ke2 Bh4 47. Kf3 Kg5 48. Ke4 Bg3 49. Kf3 Kh4 50. Kg2 f5 0-1

[Event "EYTCC U18 Girls 2019"]
[Site "Pardubice"]
[Date "2019.07.11"]
[Round "1.39"]
[White "Katkov, Michelle"]
[Black "Kuhar, Larisa"]
[Result "1/2-1/2"]
[ECO "B23"]
[WhiteElo "2129"]
[BlackElo "1894"]
[Annotator "NA"]
[PlyCount "140"]
[EventDate "2019.07.11"]
[EventType "swiss"]
[EventCountry "CZE"]
[SourceTitle "playchess.com"]
[Source "ChessBase"]
[SourceQuality "1"]
[WhiteTeam "Israel"]
[BlackTeam "Slovenia"]
[WhiteTeamCountry "ISR"]
[BlackTeamCountry "SLO"]
[TimeControl "40/5400+30:1800+30"]

1. e4 c5 2. Nc3 d6 3. d4 cxd4 4. Qxd4 Nc6 5. Qd2 Nf6 6. b3 a6 7. Bb2 b5 8. f3 e6 9. O-O-O Be7 10. Kb1 Qb6 11. g4 Bb7 12. Bg2 Nd7 13. f4 Nc5 14. Nf3 O-O 15. g5 b4 16. Na4 Nxa4 17. bxa4 Rfc8 18. f5 Na5 19. Qd4 Qxd4 20. Nxd4 e5 21. f6 exd4 22. fxe7 Re8 23. Rxd4 Rxe7 24. Rhd1 Rae8 25. Rxb4 Bxe4 26. Bxe4 Rxe4 27. Rxe4 Rxe4 28. Rxd6 Re1+ 29. Bc1 Kf8 30. Rxa6 Nc4 31. Rc6 Re4 32. Rc5 Ke7 33. a5 Kd6 34. Rf5 Ke6 35. Rb5 Re1 36. Rc5 Na3+ 37. Kb2 Kd6 38. Rc8 Kd7 39. Rc3 Nb5 40. Rf3 Re7 41. Bf4 Kc6 42. a4 Nd4 43. Rc3+ Kb7 44. Ka3 Rd7 45. Be3 Nxc2+ 46. Rxc2 Rd3+ 47. Kb4 Rxe3 48. h4 f6 49. gxf6 gxf6 50. Rc4 f5 51. Kb5 Re5+ 52. Rc5 Re4 53. a6+ Kb8 54. h5 f4 55. Rf5 f3 56. Rf8+ Ka7 57. Rf7+ Kb8 58. Rf6 Re1 59. Rf8+ Ka7 60. Rf7+ Ka8 61. Rf8+ Ka7 62. Rf7+ Ka8 63. Rxf3 Re5+ 64. Kb6 Re6+ 65. Kc7 Rxa6 66. Rf4 Re6 67. Kd7 Re5 68. Rh4 h6 69. Kd6 Rg5 70. Ke6 Ka7 1/2-1/2

[Event "EYTCC U18 Girls 2019"]
[Site "Pardubice"]
[Date "2019.07.11"]
[Round "1.40"]
[White "Kralj, Nika"]
[Black "Levitan, Ronit"]
[Result "1/2-1/2"]
[ECO "C45"]
[WhiteElo "1807"]
[BlackElo "2022"]
[Annotator "NA"]
[PlyCount "89"]
[EventDate "2019.07.11"]
[EventType "swiss"]
[EventCountry "CZE"]
[SourceTitle "playchess.com"]
[Source "ChessBase"]
[SourceQuality "1"]
[WhiteTeam "Slovenia"]
[BlackTeam "Israel"]
[WhiteTeamCountry "SLO"]
[BlackTeamCountry "ISR"]
[TimeControl "40/5400+30:1800+30"]

1. e4 e5 2. Nf3 Nc6 3. d4 exd4 4. Nxd4 Nf6 5. Nxc6 bxc6 6. e5 Qe7 7. Qe2 Nd5 8. c4 Ba6 9. Qe4 Nb6 10. Nc3 g6 11. Bd3 Bg7 12. f4 Qe6 13. c5 Bxd3 14. Qxd3 Nd5 15. O-O O-O 16. Bd2 f6 17. exf6 Bxf6 18. Rae1 Qf7 19. b3 Rae8 20. Ne4 Bg7 21. Ng5 Qf6 22. Qh3 h6 23. Rxe8 Rxe8 24. Qxd7 Re2 25. Nf3 Nxf4 26. Bxf4 Qxf4 27. Qxc6 Qg4 28. Rf2 Rxf2 29. Qd5+ Kh7 30. Kxf2 Qb4 31. a4 Qc3 32. g4 Qb2+ 33. Kg3 Qc1 34. h4 Qe3 35. c6 Qe7 36. g5 h5 37. Qd7 Qb4 38. Qxc7 Qg4+ 39. Kf2 Qe4 40. Qd7 Qc2+ 41. Kg3 a5 42. c7 Qxb3 43. c8=Q Qxf3+ 44. Kh2 Qg2+ 45. Kxg2 1/2-1/2

[Event "EYTCC U18 Girls 2019"]
[Site "Pardubice"]
[Date "2019.07.11"]
[Round "1.41"]
[White "Stroganova, Karina"]
[Black "Tarasenka, Aliaksandra"]
[Result "0-1"]
[ECO "A45"]
[WhiteElo "1875"]
[BlackElo "2231"]
[Annotator "NA"]
[PlyCount "128"]
[EventDate "2019.07.11"]
[EventType "swiss"]
[EventCountry "CZE"]
[SourceTitle "playchess.com"]
[Source "ChessBase"]
[SourceQuality "1"]
[WhiteTeam "Russia"]
[BlackTeam "Belarus"]
[WhiteTeamCountry "RUS"]
[BlackTeamCountry "BLR"]
[TimeControl "40/5400+30:1800+30"]

1. d4 Nf6 2. Bf4 b6 3. e3 Bb7 4. Nf3 d6 5. a4 a5 6. Nbd2 g6 7. h3 Bg7 8. Be2 O-O 9. O-O Nbd7 10. Nc4 Re8 11. Bh2 Ne4 12. c3 e5 13. dxe5 dxe5 14. Qc2 Qe7 15. Rad1 Rad8 16. Nfd2 f5 17. Bf3 Nxd2 18. Nxd2 e4 19. Be2 Nc5 20. Nc4 Bc6 21. b3 Bd5 22. Rd2 Nd3 23. Rfd1 Bxc4 24. bxc4 Nc5 25. Rd5 Rc8 26. Bg3 Qf6 27. Rc1 Qc6 28. Ra1 Red8 29. Rdd1 Rd7 30. Rxd7 Qxd7 31. Kh2 Qe8 32. Bf4 Be5 33. Bxe5 Qxe5+ 34. Kg1 Rd8 35. Rd1 Rxd1+ 36. Qxd1 Qd6 37. Kf1 Qxd1+ 38. Bxd1 Kf7 39. Ke2 Ke6 40. f3 Kd6 41. Bc2 Kc6 42. Kd2 exf3 43. gxf3 Nd7 44. f4 Kc5 45. Bd3 Nf6 46. Bf1 Ne4+ 47. Kc2 h6 48. h4 Kd6 49. Bg2 c6 50. Bh3 h5 51. Bg2 Nc5 52. Bf3 Nxa4 53. e4 Ke6 54. e5 Kd7 55. e6+ Kxe6 56. Bxc6 Nc5 57. Kb2 Nd3+ 58. Kb3 Nxf4 59. Ka4 Kd6 60. Kb5 a4 61. Kxb6 a3 62. c5+ Ke7 63. Bb7 a2 64. c6 Nd5+ 0-1

[Event "EYTCC U18 Girls 2019"]
[Site "Pardubice"]
[Date "2019.07.12"]
[Round "2.25"]
[White "Salimova, Nurgyul"]
[Black "Radeva, Viktoria"]
[Result "1-0"]
[ECO "E09"]
[WhiteElo "2416"]
[BlackElo "2247"]
[Annotator "NA"]
[PlyCount "131"]
[EventDate "2019.07.11"]
[EventType "swiss"]
[EventCountry "CZE"]
[SourceTitle "playchess.com"]
[Source "ChessBase"]
[SourceQuality "1"]
[WhiteTeam "Bulgaria"]
[BlackTeam "Bulgaria"]
[WhiteTeamCountry "BUL"]
[BlackTeamCountry "BUL"]
[TimeControl "40/5400+30:1800+30"]

1. Nf3 d5 2. c4 e6 3. g3 Nf6 4. Bg2 c6 5. Qc2 Be7 6. O-O O-O 7. d4 Nbd7 8. Nbd2 b6 9. e4 dxc4 10. Nxc4 Bb7 11. e5 Nd5 12. h4 h6 13. a3 c5 14. dxc5 Nxc5 15. b4 Nd7 16. Bb2 Rc8 17. Qe2 Qc7 18. Rfc1 Qb8 19. Nfd2 Rfd8 20. Kh2 Nf8 21. b5 Bxh4 22. gxh4 Nf4 23. Qg4 Nxg2 24. Ne4 f5 25. Qxg2 Bxe4 26. f3 Bxf3 27. Qxf3 Rxc4 28. Rxc4 Rd2+ 29. Kh3 Rxb2 30. Qg3 Rxb5 31. Rg1 Qxe5 32. Rc7 Rb3 33. Qxb3 Qxc7 34. Qb2 e5 35. Rc1 Qd6 36. Qb3+ Kh7 37. Qf3 Qd7 38. Rd1 Qe6 39. Rf1 f4+ 40. Qg4 Qxg4+ 41. Kxg4 Kg6 42. h5+ Kf6 43. Rd1 Ne6 44. Rd5 e4 45. Rf5+ Ke7 46. Re5 f3 47. Kg3 Kd6 48. Rxe4 Ng5 49. Re8 a5 50. Rg8 Ne6 51. Kxf3 Kd5 52. Rb8 Kc5 53. Ke4 Nd4 54. Rc8+ Nc6 55. Rc7 b5 56. Rxg7 a4 57. Rh7 b4 58. axb4+ Nxb4 59. Rxh6 a3 60. Rg6 a2 61. Rg1 Nd5 62. Ke5 Nc3 63. Ra1 Kb4 64. h6 Kb3 65. h7 Kb2 66. Rxa2+ 1-0

[Event "EYTCC U18 Girls 2019"]
[Site "Pardubice"]
[Date "2019.07.12"]
[Round "2.26"]
[White "Krasteva, Beloslava"]
[Black "Antova, Gabriela"]
[Result "1/2-1/2"]
[ECO "D20"]
[WhiteElo "2327"]
[BlackElo "2257"]
[Annotator "NA"]
[PlyCount "80"]
[EventDate "2019.07.11"]
[EventType "swiss"]
[EventCountry "CZE"]
[SourceTitle "playchess.com"]
[Source "ChessBase"]
[SourceQuality "1"]
[WhiteTeam "Bulgaria"]
[BlackTeam "Bulgaria"]
[WhiteTeamCountry "BUL"]
[BlackTeamCountry "BUL"]
[TimeControl "40/5400+30:1800+30"]

1. d4 d5 2. c4 dxc4 3. e3 e5 4. Bxc4 Nc6 5. Qb3 Qd7 6. dxe5 Nxe5 7. Be2 Nf6 8. Nf3 Bd6 9. O-O O-O 10. Nc3 a6 11. Nxe5 Bxe5 12. f4 Bxc3 13. Qxc3 Ne4 14. Qc2 Qe7 15. b3 b6 16. Bb2 Bb7 17. Be5 c5 18. Bf3 f5 19. g4 Rad8 20. Rad1 Qf7 21. gxf5 Qxf5 22. Qg2 Qg6 23. Qxg6 hxg6 24. Rxd8 Rxd8 25. Rd1 Rxd1+ 26. Bxd1 g5 27. Be2 gxf4 28. exf4 b5 29. Kf1 Kf7 30. Ke1 g6 31. Kd1 Bd5 32. Kc2 c4 33. b4 Be6 34. h4 Bf5 35. Kc1 Ng3 36. Bf3 Be4 37. Bg4 Bf5 38. Bf3 Be4 39. Bg4 Bf5 40. Bf3 Be4 1/2-1/2

[Event "EYTCC U18 Girls 2019"]
[Site "Pardubice"]
[Date "2019.07.12"]
[Round "2.27"]
[White "Tarasenka, Aliaksandra"]
[Black "Muetsch, Annmarie"]
[Result "1/2-1/2"]
[ECO "E78"]
[WhiteElo "2231"]
[BlackElo "2266"]
[Annotator "NA"]
[PlyCount "113"]
[EventDate "2019.07.11"]
[EventType "swiss"]
[EventCountry "CZE"]
[SourceTitle "playchess.com"]
[Source "ChessBase"]
[SourceQuality "1"]
[WhiteTeam "Belarus"]
[BlackTeam "Germany"]
[WhiteTeamCountry "BLR"]
[BlackTeamCountry "GER"]
[TimeControl "40/5400+30:1800+30"]

1. c4 Nf6 2. d4 g6 3. Nc3 Bg7 4. e4 d6 5. Be2 O-O 6. f4 c5 7. Nf3 cxd4 8. Nxd4 Bd7 9. Be3 Nc6 10. O-O Nxd4 11. Bxd4 Bc6 12. Bf3 a5 13. Qe2 Nd7 14. Bxg7 Kxg7 15. Rad1 Qb6+ 16. Kh1 Qc5 17. Nd5 Bxd5 18. Rxd5 Qc7 19. e5 dxe5 20. Rfd1 Nb6 21. Rxe5 Qxc4 22. Rb5 Qxe2 23. Bxe2 Nc8 24. Rxb7 Nd6 25. Rxe7 Nf5 26. Re5 f6 27. Rb5 Rad8 28. Kg1 Rxd1+ 29. Bxd1 Rd8 30. Bf3 Rd2 31. Rxa5 Rxb2 32. a4 Nd4 33. Ra7+ Kh8 34. a5 Nxf3+ 35. gxf3 Ra2 36. a6 Kg8 37. Kf1 Kf8 38. Ke1 Ke8 39. Ra8+ Kf7 40. a7 Kg7 41. Kd1 f5 42. Kc1 Ra5 43. Kb2 Ra6 44. Kc3 Ra1 45. Kb3 Ra6 46. h4 h5 47. Kc4 Ra1 48. Kd4 Rd1+ 49. Kc3 Ra1 50. Kb3 Ra6 51. Kb4 Ra1 52. Kb5 Rb1+ 53. Kc5 Rc1+ 54. Kd4 Ra1 55. Kc3 Ra6 56. Kd4 Ra1 57. Kc3 1/2-1/2